 Dungeon Crawl Stone Soup version 0.20.0-7-g3b7b877 (webtiles) character file.

43 inmateoo the Insei (level 3, -2/23 HPs)
             Began as an Octopode Transmuter on May 29, 2017.
             Slain by Natasha (5 damage)
             ... on level 2 of the Dungeon.
             The game lasted 00:01:23 (1663 turns).

inmateoo the Insei (Octopode Transmuter)            Turns: 1663, Time: 00:01:24

Health: -2/23      AC:  1    Str:  9    XL:     3   Next: 58%
Magic:  6/6        EV: 13    Int: 15    God:
Gold:   106        SH:  0    Dex: 13    Spells: 5/6 levels left

rFire    . . .     SeeInvis .     - Unarmed
rCold    . . .     Gourm    .   (no shield)
rNeg     . . .     Faith    .   (helmet restricted)
rPois    .         Spirit   .   (no amulet)
rElec    .         Reflect  .   (no ring)
rCorr    .         Harm     .   (no ring)
MR       .....                  (no ring)
Stlth    +++.......             (no ring)
Regen    0.1/turn               (no ring)
MPRegen  0.1/turn               (no ring)
                                (no ring)
                                (no ring)

@: appendage (expiring), slowed, very slow
A: almost no armour, stealthy swim, amphibious, 8 rings, constrict 8, tentacle
spike 3, camouflage 1, gelatinous body 1
a: End Transformation


You were on level 2 of the Dungeon.
You were not hungry.
One of your tentacles had a temporary spike.
You visited 1 branch of the dungeon, and saw 2 of its levels.

You collected 106 gold pieces.

Inventory:

Missiles
 a - 12 arrows
Jewellery
 e - an uncursed ring of fire
Scrolls
 d - a scroll of recharging {unknown}
 f - a scroll of fog {unknown}
 i - a scroll of remove curse {unknown}
 j - a scroll of identify {unknown}
Potions
 g - 2 potions of haste {unknown}
 k - a potion of lignification {unknown}
 l - a potion of degeneration {unknown}
Books
 b - a book of Changes

   Spells                             Type                      Level
   a - Beastly Appendage              Transmutation                1
   b - Sticks to Snakes               Transmutation                2
   c - Spider Form                    Transmutation/Poison         3
   d - Ice Form                       Ice/Transmutation            4
   e - Blade Hands                    Transmutation                5
Comestibles
 c - a bread ration
 h - a meat ration


   Skills:
 + Level 1.3 Fighting
 + Level 2.3 Dodging
 + Level 1.9 Stealth
 * Level 3.5 Unarmed Combat
 + Level 2.3 Spellcasting
 + Level 2.0 Transmutations


You had 5 spell levels left.
You knew the following spells:

 Your Spells              Type           Power        Failure   Level  Hunger
a - Beastly Appendage     Tmut           #.....       10%         1    #......


Dungeon Overview and Level Annotations

Branches:
Dungeon (2/15)

Altars:

Annotations:
D:2 Natasha


Innate Abilities, Weirdness & Mutations

You cannot wear most types of armour.
You are very stealthy in the water. (Stealth+)
You are amphibious.
You can wear up to eight rings at the same time.
You can use your tentacles to constrict eight enemies at once.
Your skin changes colour to match your surroundings (Stealth+).
Your rubbery body absorbs attacks. (AC +1, EV +1)
One of your tentacles bears a large vicious spike.


Message History

You tentacle-slap Natasha but do no damage.
Your grab misses Natasha.
Your tentacle spike misses Natasha.
Natasha is heavily wounded.
Natasha closely misses you.
You tentacle-slap Natasha but do no damage.
Your grab misses Natasha. Your squeeze misses Natasha.
Natasha is heavily wounded.
Natasha casts a spell at you.
You feel yourself slow down.
You closely miss Natasha. Your grab misses Natasha.
Your squeeze misses Natasha.
Natasha is heavily wounded.
Natasha casts a spell at you. You resist with significant effort.
You closely miss Natasha. Your grab misses Natasha.
Natasha is heavily wounded.
Natasha claws you.
* * * LOW HITPOINT WARNING * * *
Natasha claws you.
You die...

# ## ##.#..$# .#
#..#.#.#####.#
#....#.......##
##..............
........h...8...
#........@#.8_8.#
#...##..#....8...
#........<......#
.....##...#.....##
.... #...#.......#
. . #...#.#...#.#
....#.....#.....
.....<........#
########..>..#.


You could see Natasha.

Vanquished Creatures
  2 adders
  A worm (D:2)
  2 goblins (D:1)
  5 hobgoblins (D:1)
  7 kobolds
  3 bats (D:1)
  A rat (D:2)
21 creatures vanquished.

Notes
Turn   | Place    | Note
-------+----------+-------------------------------------------
     0 | D:1      | inmateoo the Octopode Transmuter began the quest for the Orb.
     0 | D:1      | Reached XP level 1. HP: 13/13 MP: 3/3
   529 | D:1      | Reached XP level 2. HP: 16/18 MP: 5/5
  1195 | D:2      | Reached skill level 1 in Stealth
  1195 | D:2      | Reached XP level 3. HP: 16/23 MP: 4/6
  1435 | D:2      | Found a faded altar of an unknown god.
  1441 | D:2      | Noticed Natasha
  1663 | D:2      | Slain by Natasha

Skill      XL: |  1  2 |
---------------+-------+-----
Stealth        | 1 |  1.9
Fighting       | |  1.3
Dodging        | |  2.3
Unarmed Combat | |  3.5
Spellcasting   | |  2.3
Transmutations | |  2.0

Action                   || total
-------------------------++-------
Melee: Unarmed           ||    70
       Constrict         ||    18
       Tentacles         ||     7
       Kick              ||     7
       Punch             ||     2
 Cast: Beastly Appendage ||     5
 Stab: Sleeping          ||     4
  Eat: Chunk             ||     2
Armor: Skin              ||     1
Dodge: Dodged            ||    52
